 Dungeon Crawl Stone Soup version 0.17-a0-2171-ga91b4ec (webtiles) character file.

105 hexophile the Chopper (level 4, -4/35 HPs)
             Began as a Demonspawn Fighter on Oct 25, 2015.
             Killed from afar by an orc wizard (9 damage)
             ... with a magic dart
             ... on level 3 of the Dungeon.
             The game lasted 00:03:13 (1890 turns).

hexophile the Chopper (Demonspawn Fighter)          Turns: 1890, Time: 00:03:13

Health: -4/35      AC:  6    Str: 16    XL:     4   Next: 53%
Magic:  4/4        EV:  6    Int:  9    God:
Gold:   132        SH:  0    Dex: 16    Spells: 0 memorised, 3 levels left

rFire  + . .     SeeInvis .     a - +0 war axe
rCold  . . .     Clarity  .     b - +0 scale mail
rNeg   . . .     SustAt   .     c - +0 shield
rPois  .         Gourm    .     (no helmet)
rElec  .         Spirit   .     (no cloak)
rCorr  .         Warding  .     (no gloves)
rMut   .         Stasis   .     (no boots)
MR     .....                    (no amulet)
Stlth  ..........               (no ring)
                                (no ring)

@: confused, slowed, very slow, not resistant to hostile enchantments, extremely
unstealthy
A: thin skeletal structure 1, fire resistance 1, powered by pain 1
a: no special abilities


You were on level 3 of the Dungeon.
You were not hungry.

You visited 1 branch of the dungeon, and saw 4 of its levels.

You collected 132 gold pieces.


Innate Abilities, Weirdness & Mutations

You have a somewhat thin skeletal structure (Dex +2, Stealth).
Your flesh is heat resistant.
You sometimes gain a little power by taking damage.

Inventory:

Hand Weapons
 a - a +0 war axe (weapon)
Missiles
 r - 15 poisoned needles
Armour
 b - a +0 scale mail (worn)
 c - a +0 shield (worn)
Wands
 p - a wand of magic darts (36)
Scrolls
 f - 2 scrolls of remove curse {unknown}
 g - a scroll of teleportation {unknown}
 h - a scroll of noise
 l - a scroll of magic mapping
 m - a scroll of recharging {unknown}
 s - 2 scrolls of amnesia
 t - 2 scrolls of enchant armour {unknown}
Potions
 d - 2 potions of might
 j - a potion of magic
 o - a potion of lignification {unknown}
 q - a potion of flight {unknown}
Comestibles
 e - a bread ration
 i - a slice of pizza
 k - a beef jerky
 v - 3 chunks of flesh


You had 3 spell levels left.
You didn't know any spells.


   Skills:
 - Level 3.0 Fighting
 + Level 4.3 Axes
 - Level 2.6 Armour
 - Level 2.6 Shields

Dungeon Overview and Level Annotations

Branches:
Dungeon (4/15)
 Temple: D:4-7

Altars:
Fedhas
Okawaru
Trog
Vehumet

Vault maps used:
D:1:      erik_arrival_triangle_large, minmay_misc_feat_nine_boxes,
          hangedman_decor_growths, grunt_decor_one_mirror
D:2:      trog_butcher_becter
D:3:      grunt_temple_overflow_open, ecumenical_altar_1, uniq_jessica
D:4:      kennysheep_mini_moat, cheibriados_altar_1, first_bread, uniq_sigmund
You       could see an orc wizard.


Message History

Your shield and scale mail prevent you from hitting the orc wizard.
The orc wizard is lightly wounded.
The orc wizard hits you with a dagger.
* * * LOW HITPOINT WARNING * * *
The orc wizard barely misses you.
The orc wizard hits you but does no damage.
You take 3 damage, and have 8/35 hp.
You miss the orc wizard.
The orc wizard is moderately wounded.
You barely miss the orc wizard.
The orc wizard is lightly wounded.
You slash the orc!
You kill the orc!
The orc wizard barely misses you. You block the orc wizard's attack.
The orc wizard points at you and mumbles some strange words.
The magic dart hits you!
* * * LOW HITPOINT WARNING * * *
The orc wizard barely misses you.
You take 7 damage, and have 1/35 hp.
Unknown command.
Unknown command.
Drink which item? (? for menu, Esc to quit)
You feel better.
The orc wizard hits you but does no damage.
You block the orc wizard's attack.
You regained 8 hp, and now have 9/35 hp.
You hit the orc wizard.
The orc wizard is moderately wounded.
You hit the orc wizard.
The orc wizard is lightly wounded.
You block the orc wizard's attack. The orc wizard casts a spell at you.
You feel yourself slow down.
The orc wizard hits you but does no damage.
The orc wizard mumbles some strange words.
The orc wizard blinks!
Unknown command.
You slash the orc wizard!
The orc wizard is severely wounded.
The orc wizard casts a spell.
The orc wizard flickers and vanishes!
Deactivating autopickup; reactivate with Ctrl-A.
You block its attack.
You miss something. Something hits you.
* * * LOW HITPOINT WARNING * * *
You hear some strange, mumbled words.
You are confused.
The orc wizard points at you and mumbles some strange words.
The magic dart hits you!
You die...

Action                   |  1- 3 |  4- 6 || total
-------------------------+-------+-------++-------
Melee: War axe           |   151 |    50 ||   201
Evoke: Wand              |     1 |       ||     1
  Use: Scroll            |       |     7 ||     7
       Potion            |       |     1 ||     1
  Eat: Chunk             |     3 |     1 ||     4

Notes
Turn   | Place    | Note
--------------------------------------------------------------
     0 | D:1      | hexophile the Demonspawn Fighter began the quest for the Orb.
     0 | D:1      | Reached XP level 1. HP: 18/18 MP: 1/1
    33 | D:1      | Reached skill level 2 in Axes
   236 | D:1      | Gained mutation: You have a somewhat thin skeletal structure (Dex +2, Stealth). [demonic ancestry]
   236 | D:1      | Reached XP level 2. HP: 18/24 MP: 2/2
   629 | D:1      | Reached skill level 3 in Axes
   916 | D:2      | Gained mutation: Your flesh is heat resistant. [demonic ancestry]
   916 | D:2      | Reached XP level 3. HP: 21/29 MP: 3/3
  1444 | D:2      | Found a bloodstained altar of Trog.
  1751 | D:3      | Reached skill level 4 in Axes
  1751 | D:3      | Gained mutation: You sometimes gain a little power by taking damage. [demonic ancestry]
  1751 | D:3      | Reached XP level 4. HP: 28/35 MP: 4/4
  1821 | D:3      | Found a radiant altar of Vehumet.
  1821 | D:3      | Found an iron altar of Okawaru.
  1832 | D:3      | Found a blossoming altar of Fedhas.
  1886 | D:3      | HP: 1/35 [orc wizard/magic dart (8)]
  1890 | D:3      | Killed from afar by an orc wizard

Table legend:
 A = Turns spent in this place as a percentage of turns spent in the entire game.
 B = Non-inter-level travel turns spent in this place as a percentage of non-inter-level travel turns spent in the entire game.
 C = Inter-level travel turns spent in this place as a percentage of turns spent in this place.
 D = Turns resting spent in this place as a percentage of non-inter-level travel turns spent in this place.
 E = Turns spent auto-exploring this place as a percentage of non-inter-level travel turns spent in this place.
 F = Non-inter-level travel turns spent in this place divided by the number of levels of this place that you've seen.
                   A       B       C       D       E      F
               +-------+-------+-------+-------+-------+----------------------
         Total | 100.0 | 100.0 |   0.3 |   0.3 |   9.1 | 176.5
       Dungeon | 100.0 | 100.0 |   0.3 |   0.3 |   9.1 | 176.5
               +-------+-------+-------+-------+-------+----------------------

Table legend:
 A = Kills in this place as a percentage of kills in entire the game.
 B = Kills by you in this place as a percentage of kills by you in the entire game.
 C = Kills by friends in this place as a percentage of kills by friends in the entire game.
 D = Other kills in this place as a percentage of other kills in the entire game.
 E = Experience gained in this place as a percentage of experience gained in the entire game.
 F = Experience gained in this place divided by the number of levels of this place that you have seen.
                   A       B       C       D       E      F
               +-------+-------+-------+-------+-------+----------------------
         Total | 100.0 | 100.0 |  -nan |  -nan | 100.0 |  37.5
       Dungeon | 100.0 | 100.0 |  -nan |  -nan | 100.0 |  37.5
               +-------+-------+-------+-------+-------+----------------------

Vanquished Creatures
  An orc wizard (D:3)
  2 worms (D:2)
  10 orcs
  8 bats
  4 giant cockroaches
  7 goblins
  7 hobgoblins
  3 quokkas
  A ball python (D:2)
  3 giant geckos
  5 giant newts
  6 kobolds
  8 rats
65 creatures vanquished.
